 Dungeon Crawl Stone Soup version 0.29-a0-409-gd843f3a48c (webtiles) character file.

Game seed: 804998093011242656

417 ParallaxScroll the Skirmisher (level 6, 41/41 HPs)
             Began as a Gargoyle Fighter on Feb 2, 2022.
             Was a Believer of Ashenzari.
             Quit the game on level 4 of the Dungeon on May 13, 2022.
             The game lasted 00:38:56 (3996 turns).

ParallaxScroll the Skirmisher (Gargoyle Fighter)    Turns: 3996, Time: 00:38:57

Health: 41/41      AC: 12    Str: 28    XL:     6   Next: 92%
Magic:  6/6        EV:  9    Int:  8    God:    Ashenzari [**....]
Gold:   186        SH:  4    Dex:  9    Spells: 5/5 levels left

rFire   . . .      SeeInvis +   a - +2 rapier (speed)
rCold   . . .      Faith    .   c - +0 buckler "Cosmic Seeker" {Cun, Bglg} (curse)
rNeg    + . .      Spirit   .   p - +0 scale mail "Gnosis of the Sky" {Elem, Comp} (curse)
rPois   ∞          Reflect  .   (no helmet)
rElec   +          Harm     .   (no cloak)
rCorr   .          Rampage  .   (no gloves)
Will    .....                   (no boots)
Stlth   ..........              (no amulet)
HPRegen 0.13/turn               i - ring "At What Cost Knowledge?" {Wiz, Fort, Comp} (curse)
MPRegen 0.10/turn               w - +6 ring of strength

@: no status effects
A: sickness immunity, AC +4, negative energy resistance 1, electricity
resistance, torment resistance 1, petrification resistance
a: Renounce Religion, Curse Item, Shatter the Chains


You were on level 4 of the Dungeon.
You worshipped Ashenzari.
Ashenzari was pleased with you.
You visited 1 branch of the dungeon, and saw 4 of its levels.

You collected 186 gold pieces.

Inventory:

Hand Weapons
 a - a +2 rapier of speed (weapon)
 b - a +2 hunting sling of flaming
 e - a +0 flail
 q - the +3 whip "Qigeklax" {flame, rElec rPois rF- Stlth+}
   (You found it on level 2 of the Dungeon)

   It burns those it strikes, dealing additional fire damage.
   rF:        It makes you vulnerable to fire.
   rElec:     It insulates you from electricity.
   rPois:     It protects you from poison.
   Stlth:     It makes you more stealthy.
 z - a +0 morningstar
Missiles
 f - 20 bolts
 g - 80 arrows
 h - 127 stones (quivered)
 k - 6 curare-tipped darts
 t - 45 sling bullets
 y - a boomerang
Armour
 c - the cursed +0 buckler "Cosmic Seeker" (worn) {Cun, Bglg}

   It has a curse which improves the following skills: Cunning: Dodging and
   Stealth.
   Beguiling: Conjurations, Hexes and Translocations.
 p - the cursed +0 scale mail "Gnosis of the Sky" (worn) {Elem, Comp}

   It has a curse which improves the following skills: Elements: Fire Magic, Ice
   Magic, Air Magic and Earth Magic.
   Companions: Summonings and Necromancy.
Jewellery
 i - the cursed ring "At What Cost Knowledge?" (left hand) {Wiz, Fort, Comp}
   (You found it on level 1 of the Dungeon)

   [ring of wizardry]

   It improves your spell success rate.
   It has a curse which improves the following skills: Fortitude: Armour and
   Shields.
   Companions: Summonings and Necromancy.
 w - a +6 ring of strength (right hand)
Wands
 r - a wand of polymorph (8)
Scrolls
 o - a scroll of magic mapping
 s - a scroll of vulnerability
 u - a scroll of teleportation
 x - a scroll of brand weapon
Potions
 d - a potion of might
 j - a potion of brilliance
 l - a potion of lignification
 m - 3 potions of curing
 n - a potion of resistance
 v - a potion of haste


   Skills:
 - Level 6.0 Fighting
 - Level 3.0 Maces & Flails
 - Level 5.0(6.2) Armour
 - Level 4.0(5.1) Shields
 + Level 1.6 Evocations


You had 5 spell levels left.
You didn't know any spells.
Your spell library contained the following spells:

 Spells                   Type           Power      Damage    Failure   Level
 Ensorcelled Hibernation  Hex/Ice        0%         N/A       52%         2
 Passwall                 Tmut/Erth      0%         N/A       52%         2
 Swiftness                Air            0%         N/A       75%         3


Dungeon Overview and Level Annotations

Branches:
Dungeon (4/15)
 Temple: D:4-7

Altars:
Ashenzari

Annotations:
D:2 ogre


Innate Abilities, Weirdness & Mutations

You are immune to sickness and miasma.
Your stone body is resilient. (AC +4)
You are immune to poison.
You resist negative energy. (rN+)
You are resistant to electric shocks. (rElec)
You are resistant to unholy torment.
You are immune to petrification.


Message History

The orc is moderately wounded.
You block the orc's attack.
You closely miss the orc.
The orc is moderately wounded.
The orc hits you but does no damage.
You hit the orc.
The orc is heavily wounded.
You block the orc's attack.
You puncture the orc!
You kill the orc!
You closely miss the orc. The orc hits you but does no damage.
You hit the orc.
The orc is moderately wounded.
You block the orc's attack.
You closely miss the orc.
The orc is moderately wounded.
The orc closely misses you.
You hit the orc.
You kill the orc!
You hit the goblin.
The goblin is heavily wounded.
The goblin barely misses you.
You puncture the goblin!
You kill the goblin!
Things that are here:
a +0 club; a +0 flail; a +0 whip
y - a boomerang
Items here: )) [ †.
z - a +0 morningstar You start resting.
HP restored.
You now have 186 gold pieces (gained 11).
Found a stone staircase leading down.
There is a stone staircase leading down here.
Ashenzari invites you to partake of a vision and a curse of beguiling and ranged combat.
Okay, then.
Welcome back, ParallaxScroll the Gargoyle Fighter.
Ashenzari says: Partake of my vision.
Partake of my curse.
Press ? for a list of commands and other information.
Are you sure you want to abandon this character and quit the game? (Confirm with "yes".)

** , , , , .... *,* .
,, ..# , , #., *..# *
, * #.#**..# , ,*
...#..##..###.# * * ,
...#..........# ,
#........##..# * ,
#.........#.@# ,#,# ,
###.......#.#..##.#.#
..........#..........
#.......##.#.##....
#....<).+...........#
#.......###..##.....#
####.#### #..##.....#
#.# #..##.....#
#.######..#.....#*


There were no monsters in sight!

Vanquished Creatures
  Pargi (D:3)
  A scorpion (D:4)
  Jessica (D:3)
  Natasha (thrice) (D:2)
  An iguana (D:3)
  A gnoll (D:1)
  5 adders
  An ufetubus (D:3)
  2 worms (D:2)
  A dart slug (D:2)
  5 orcs (D:4)
  7 bats
  3 endoplasms
  A giant cockroach (D:3)
  11 hobgoblins
  3 quokkas
  8 ball pythons
  4 goblins
  11 kobolds
  8 rats
78 creatures vanquished.

Vanquished Creatures (others)
  2 fungi (D:1)
  6 plants (D:1)
8 creatures vanquished.

Grand Total: 86 creatures vanquished

Notes
Turn   | Place    | Note
-------+----------+-------------------------------------------
     0 | D:1      | ParallaxScroll the Gargoyle Fighter began the quest for the
                  | Orb.
     0 | D:1      | Reached XP level 1. HP: 14/14 MP: 1/1
   111 | D:1      | Reached XP level 2. HP: 19/19 MP: 2/2
   131 | D:1      | Found a faded altar of an unknown god.
   134 | D:1      | Prayed at the altar of an unknown god.
   134 | D:1      | Became a worshipper of Ashenzari the Shackled
   463 | D:1      | Reached XP level 3. HP: 24/24 MP: 3/3
   879 | D:2      | Noticed an ogre
  1027 | D:2      | Reached * piety under Ashenzari
  1077 | D:2      | Reached skill level 4 in Fighting
  1079 | D:2      | Reached XP level 4. HP: 26/29 MP: 4/4
  1505 | D:2      | Identified the +3 whip "Qigeklax" {flame, rElec rPois rF-
                  | Stlth+}
  1695 | D:2      | Noticed Natasha
  1712 | D:2      | Killed Natasha
  1913 | D:2      | Reached skill level 5 in Fighting
  2116 | D:2      | Noticed Natasha
  2127 | D:2      | Killed Natasha
  2128 | D:2      | Reached XP level 5. HP: 35/35 MP: 5/5
  2622 | D:2      | Noticed Natasha
  2632 | D:2      | Killed Natasha
  2655 | D:2      | Identified the cursed +0 buckler "Cosmic Seeker" {Cun,
                  | Bglg}
  2655 | D:2      | Identified the cursed +0 scale mail "Gnosis of the Sky"
                  | {Elem, Comp}
  2940 | D:3      | Noticed Pargi
  2961 | D:3      | Reached skill level 6 in Fighting
  2974 | D:3      | Killed Pargi
  2975 | D:3      | Reached skill level 5 in Armour
  2975 | D:3      | Reached XP level 6. HP: 11/41 MP: 6/6
  3285 | D:3      | Reached ** piety under Ashenzari
  3371 | D:3      | Noticed Jessica
  3388 | D:3      | Killed Jessica
  3862 | D:4      | Reached skill level 1 in Evocations
  3996 | D:4      | Upgraded the game from 0.29-a0-40-g8eb35efe60 to
                  | 0.29-a0-409-gd843f3a48c
  3996 | D:4      | Quit the game

Illustrated notes

Levels and vault maps discovered:
D:1:      giann_forest_graveyard, layout_rooms,
          shapermc_ecumenical_altar_mp_urbaneastern, serial_bayou,
          serial_bayou_pond_a, serial_bayou_pond_d, serial_bayou_lake_a,
          serial_bayou_pond_d, st_stairs_8, supply_closet_lemuel
D:2:      layout_basic, grunt_ministairs_3, nrook_uturn,
          minmay_rat_gold_closets, uniq_natasha
D:3:      layout_basic, grunt_ministairs_3, uniq_pargi, uniq_jessica
D:4:      layout_basic, amcnicky_mini_pool_small

Skill      XL: |  1  2  3  4  5  6 |
---------------+-------------------+-----
Armour         | 4 5 |  5.0
Fighting       | 4 5 6 |  6.0
Shields        | 4 |  4.0
Maces & Flails | 3 |  3.0
Evocations     | 1 |  1.6

Action                   |  1- 3 |  4- 6 || total
-------------------------+-------+-------++-------
Melee: Rapier            |    87 |   163 ||   250
       Unarmed           |       |     2 ||     2
 Fire: Hunting sling     |       |     3 ||     3
Throw: Stone             |     3 |     5 ||     8
Invok: Curse Item        |     2 |     1 ||     3
Armor: Scale mail        |    27 |    47 ||    74
Dodge: Dodged            |    26 |    59 ||    85
Block: Buckler           |    10 |    18 ||    28

Table legend: (Time is in decaauts)
 A = Elapsed time spent in this place.
 B = Non-inter-level travel time spent in this place.
 C = Inter-level travel time spent in this place.
 D = Time resting spent in this place.
 E = Time spent auto-exploring this place.
 F = Levels seen in this place.
 G = Mean time per level.
                   A        B        C        D        E       F      G
               +--------+--------+--------+--------+--------+-----+--------+
         Total |   3978 |   3699 |    279 |    729 |   2233 |   4 |  994.5 |
       Dungeon |   3978 |   3699 |    279 |    729 |   2233 |   4 |  994.5 |
               +--------+--------+--------+--------+--------+-----+--------+

Top non-repeatable levels by time:
     D:2: 1849 daAuts
     D:1: 1074 daAuts
     D:3: 909 daAuts
     D:4: 145 daAuts
